 Dungeon Crawl Stone Soup version 0.24.1-14-gf8d2b509d9 (webtiles) character file.

Game seed: 15644855368421053319, levelgen mode: deterministic

237 bromine the Cudgeler (level 5, 0/79 HPs)
             Began as a Troll Berserker on Mar 3, 2022.
             Was a Believer of Trog.
             Slain by a gnoll
             ... wielding a +0 whip
              (6 damage)
             ... on level 3 of the Dungeon.
             The game lasted 00:07:41 (1958 turns).

bromine the Cudgeler (Troll Berserker)              Turns: 1958, Time: 00:07:42

Health: 0/79       AC:  6    Str: 31    XL:     5   Next: 77%
Magic:  4/4        EV: 11    Int:  3    God:    Trog [**....]
Gold:   97         SH:  0    Dex:  9    Spells: 4/4 levels left

rFire    x . .     SeeInvis .   a - +0 mace
rCold    + . .     Gourm    +   (no shield)
rNeg     . . .     Faith    .   b - +0 animal skin
rPois    .         Spirit   .   (helmet restricted)
rElec    .         Reflect  .   (no cloak)
rCorr    .         Harm     .   (gloves unavailable)
MR       .....                  (boots unavailable)
Stlth    ..........             (no amulet)
HPRegen  0.63/turn              g - ring of ice
MPRegen  0.09/turn              (no ring)

@: berserking, very quick
A: large, unfitting armour, claws 3, fast metabolism 3, gourmand, regeneration
1, shaggy fur 1, tough skin 3
a: Berserk, Trog's Hand, Renounce Religion


You were on level 3 of the Dungeon.
You worshipped Trog.
Trog was pleased with you.
You were not hungry.

You visited 1 branch of the dungeon, and saw 3 of its levels.

You collected 97 gold pieces.

Inventory:

Hand Weapons
 a - a +0 mace (weapon)
Armour
 b - a +0 animal skin (worn)
 f - a cursed +0 chain mail
Jewellery
 g - a ring of ice (left claw)
Scrolls
 d - a scroll of fear
 h - 2 scrolls of remove curse
 i - a scroll of teleportation {unknown}
 j - a scroll of enchant armour {unknown}
Potions
 e - 2 potions of brilliance {unknown}
 k - 2 potions of degeneration
 l - a potion of curing {unknown}
 m - 2 potions of invisibility {unknown}
Comestibles
 c - 3 rations


   Skills:
 + Level 3.2 Fighting
 + Level 4.3 Maces & Flails
 + Level 3.6 Dodging
 + Level 0.4 Stealth


You had 4 spell levels left.
You didn't know any spells.
Your spell library was empty.

Dungeon Overview and Level Annotations

Branches:
Dungeon (3/15)

Altars:


Innate Abilities, Weirdness & Mutations

You are too large for most types of armour.
You have claws for hands.
Your metabolism is lightning-fast.
You like to eat raw meat.
Your natural rate of healing is unusually fast.
You are covered in fur. (AC +1)
You have extremely tough skin. (AC +3)


Message History

You closely miss the adder.
The adder is almost dead.
The gnoll hits you from afar with a +0 spear!
The adder barely misses you. The gnoll barely misses you.
The ball python barely misses you.
You barely miss the adder.
The adder is almost dead.
The gnoll completely misses you.
The gnoll hits you from afar with a +0 halberd.
The ball python bites you but does no damage.
The adder bites you but does no damage. The gnoll hits you with a +0 whip!
You closely miss the adder.
The adder is almost dead.
The adder bites you but does no damage. The ball python closely misses you.
The gnoll hits you from afar with a +0 spear!
* * * LOW HITPOINT WARNING * * *
The gnoll hits you from afar with a +0 halberd!
* * * LOW HITPOINT WARNING * * *
The gnoll hits you with a +0 whip.
You die...

#####
#.....#####...............#
#<.##....#....)......####.#
#....##.....).)...........#
##.#.##.#..))..>...#####..#
#.#.....#.........# #..#
#.####..#..<).....# #...
#.# #.......>.....# #.#.
#.# #.gg..........# ###.
#.# #..S@.........# . #.#
#[.g#S........... .
#....##[.........#.#
....###............. ....
...........## ... ##.......
.. .###.## .. .#


You could see 3 gnolls, an adder and a ball python.

Vanquished Creatures
  2 orc priests (D:3)
  An orc wizard (D:3)
  A worker ant (D:3)
  A gnoll (D:3)
  3 adders
  An adder skeleton (D:2)
  A worm (D:2)
  A dart slug (D:2)
  3 leopard geckos
  10 orcs (D:3)
  A bat skeleton (D:2)
  A bat zombie (D:2)
  2 giant cockroaches
  9 goblins
  6 hobgoblins
  4 jackals (D:2)
  5 kobolds
  A quokka (D:3)
  9 bats
  A frilled lizard (D:2)
  A jackal skeleton (D:2)
  3 rats (D:1)
67 creatures vanquished.

Notes
Turn   | Place    | Note
-------+----------+-------------------------------------------
     0 | D:1      | bromine the Troll Berserker began the quest for the Orb.
     0 | D:1      | Reached XP level 1. HP: 22/22 MP: 0/0
   146 | D:1      | Reached XP level 2. HP: 29/29 MP: 1/1
   303 | D:1      | Reached skill level 3 in Maces & Flails
   512 | D:1      | Reached XP level 3. HP: 33/36 MP: 2/2
   686 | D:2      | Reached ** piety under Trog
  1242 | D:2      | Found a faded altar of an unknown god.
  1308 | D:2      | Reached XP level 4. HP: 41/44 MP: 3/3
  1787 | D:3      | Reached skill level 4 in Maces & Flails
  1787 | D:3      | Reached XP level 5. HP: 46/53 MP: 4/4
  1958 | D:3      | Slain by a gnoll

Levels and vault maps discovered:
D:1:      roderic_chinese_lattice_arrival, layout_basic
D:2:      layout_loops_ring, chequers_ecumenical_altar_twisty, serial_undead,
          serial_undead_f, serial_undead_b, serial_undead_c, serial_undead_c
D:3:      layout_rooms, nicolae_tso_swordbearing_angel, hangedman_glass_garden,
          kennysheep_another_room

Skill      XL: |  1  2  3  4 |
---------------+-------------+-----
Maces & Flails | 3 4 |  4.3
Dodging        | 3 |  3.6
Fighting       | 3 |  3.2
Stealth        | |  0.4

Action                   |  1- 3 |  4- 6 || total
-------------------------+-------+-------++-------
Melee: Mace              |   141 |    93 ||   234
Invok: Trog's Hand       |       |     3 ||     3
       Berserk           |       |     2 ||     2
  Use: Scroll            |     1 |     3 ||     4
       Potion            |       |     2 ||     2
  Eat: Ration            |     2 |     1 ||     3
       Chunk             |     2 |     9 ||    11
Armor: Animal skin       |   182 |    66 ||   248
Dodge: Dodged            |   218 |   106 ||   324
